[Event "3rd Sunway Formentera-A 2024"]
[Site "Formentera"]
[Date "2024.04.11"]
[Round "3.9"]
[White "Anishka Vikram"]
[Black "Botez, Alexandra"]
[Result "1-0"]
[ECO "E94"]
[WhiteElo "2036"]
[BlackElo "1970"]
[Annotator "TA"]
[PlyCount "83"]
[EventDate "2024.04.03"]
[EventType "swiss"]
[EventCountry "ESP"]
[SourceTitle "playchess.com"]
[Source "ChessBase"]
[SourceQuality "1"]
[TimeControl "40/5400+30:1800+30"]

1. d4 Nf6 2. c4 g6 3. Nc3 Bg7 4. e4 d6 5. Nf3 O-O 6. Be2 Na6 7. O-O e5 8. d5 Nc5 9. Qc2 a5 10. Bg5 h6 11. Be3 b6 12. Nd2 Bg4 13. f3 Bd7 14. Rfb1 Nh5 15. b3 Nf4 {[%emt 0:03:07] The position is equal.} 16. Bf1 Qg5 {[%emt 0:02:16] [#] Threatens to win with ...Nh3+.} 17. Kh1 $1 Qh5 18. a3 f5 19. b4 Na6 20. bxa5 (20. c5 axb4 21. Na2 (21. axb4 Nxb4 22. Qb3 bxc5 $19) 21... Nxc5 (21... bxa3 22. cxb6 cxb6 23. Rxb6 $16) 22. axb4 fxe4 23. fxe4 (23. bxc5 exf3 24. gxf3 Bf5 $15) 23... Na6 $11) 20... bxa5 21. c5 g5 $2 (21... Nxc5 $16 22. Bxc5 dxc5) 22. cxd6 $18 fxe4 23. Ndxe4 cxd6 24. Nxd6 e4 25. Ndxe4 (25. fxe4 Nxg2 26. Qxg2 (26. Bxg2 Be5 $16) 26... Bxc3 $18) 25... Be5 26. Bg1 Rfc8 (26... Nc7 $142 27. Rb7 Bc8) 27. Qd2 Nh3 28. gxh3 {[%emt 0:00:00] [#] Bd4 is the strong threat.} Bxc3 29. Qxc3 Rxc3 30. Nf6+ Kf7 31. Nxh5 Kg6 32. Ng3 Rxf3 33. Rb6+ Rf6 34. Bd3+ Kf7 35. Rxf6+ Kxf6 36. Bd4+ Ke7 37. Re1+ Kd6 38. Be5+ Kc5 39. Rc1+ Kb6 40. Bd4+ Kb7 41. Ne4 Nc7 42. Nd6+ {[%emt 0:00:23] Black did not feel at home in the position after the opening.   Weighted Error Value: White=0.08 (flawless) /Black=0.58.  Loses game:     	---       	Black=1      Mistake:       	---       	Black=1      OK:         	White=7     	Black=1      Best:        	White=1     	---        Strong:       	White=1     	---} (42. Rb1+ $142 Bb5 43. Nd6+ (43. Bxb5 Nxd5 44. Nc5+ Kc7 $18) (43. Rxb5+ Nxb5 44. Bxb5 Rg8 $18) 43... Kb8 44. Nxb5 Nxd5 45. Be4 Kc8 46. Bxd5 Ra6 47. Rf1 (47. Rc1+ Kd8 $18)) 1-0

[Event "3rd Sunway Formentera-A 2024"]
[Site "Formentera"]
[Date "2024.04.11"]
[Round "3.10"]
[White "Zhu, Hengyi"]
[Black "Sosa, Tomas"]
[Result "1/2-1/2"]
[ECO "C88"]
[WhiteElo "2282"]
[BlackElo "2562"]
[Annotator "TA"]
[PlyCount "109"]
[EventDate "2024.04.03"]
[EventType "swiss"]
[EventCountry "ESP"]
[SourceTitle "playchess.com"]
[Source "ChessBase"]
[SourceQuality "1"]
[TimeControl "40/5400+30:1800+30"]

1. e4 e5 2. Nf3 Nc6 3. Bb5 a6 4. Ba4 Nf6 5. O-O Be7 6. Re1 b5 7. Bb3 O-O 8. a4 {[%emt 0:06:00][%cal Ba2a4,Ba4b5][%mdl 32] Black must now prevent axb5.} Na5 9. axb5 Nxb3 10. cxb3 Bb7 {[%emt 0:00:11] White is slightly better.} 11. bxa6 Bxe4 12. Nxe5 Bxb1 13. Rxb1 (13. d3 {feels hotter.} Nd5 14. Be3 Bb4 15. Bd2) 13... Rxa6 14. d3 Re6 15. Nf3 Nd5 16. Bd2 Qb8 17. Re4 Bf6 18. Qc2 Qb7 {[%emt 0:05:10][%mdl 1024] Black has compensation.} 19. Ra1 h6 20. h3 Rb8 21. Ra5 c6 22. b4 Be7 23. Nd4 Nxb4 (23... Bxb4 $1 $11 24. Nxe6 Bxa5) 24. Qb3 $14 Rxe4 25. dxe4 {[%emt 0:01:00] Threatens to win with Qg3.} Bf6 (25... Qc7 $1 $14 26. Rf5 Nd5) 26. Nf5 $16 {[%emt 0:02:47] White has more active pieces.} Qc7 {[%emt 0:02:08] [#] Prevents Nd6.} 27. Qa4 (27. Bxb4 $2 Qxa5 28. Nxh6+ Kh7 29. Bxa5 Rxb3 30. Nxf7 Rxb2 $19 (30... Kg8 $2 31. Nd6 $19)) (27. Qa3 $1 $16 c5 28. Bc3) 27... Nd3 $11 28. Qc2 Nf4 $36 {[%emt 0:16:40][%cal Bd3f4,Bf4e2,Be2d4,Bd4e6,Be6g5][%mdl 2080] White is under pressure.} 29. b4 Ne2+ 30. Kh1 Qb6 31. Rc5 Nd4 32. Qd3 Ne6 33. Rc1 Qc7 (33... Qxf2 $2 34. Rf1 Qb6 35. Nxh6+ (35. Qxd7 $2 Rd8 $19) 35... Kh8 36. Nxf7+ Kg8 37. Nh6+ (37. Qxd7 Nf8 $18) 37... Kh8 38. e5 $18 (38. Qxd7 Qa6 $18)) (33... Qb5 $5 34. Qg3 (34. Qxd7 $2 Rd8 $19) 34... h5 $11) 34. Qf3 Bg5 35. Bxg5 Nxg5 36. Qg4 Qe5 (36... Rxb4 37. Ne7+ Kf8 38. Nd5 Nxe4 (38... cxd5 $2 39. Rxc7 Ne6 40. Rxd7 $18) 39. Qxe4 (39. Nxc7 Nxf2+ 40. Kg1 Nxg4 $17) (39. Qh4 Ng3+ 40. fxg3 Rxh4 $16) 39... Rxe4 40. Nxc7 $16) (36... Kf8 $11 {remains equal.}) 37. f4 $16 Qb2 {[%emt 0:00:01] [#]} 38. Re1 Qxb4 (38... Ne6 $16) 39. Re3 $2 ({Only move:} 39. Rd1 $18 Ne6 40. Nxh6+ (40. Rxd7 Qe1+ 41. Kh2 Rb1 $11) 40... Kf8 41. Qf5 (41. f5 gxh6 42. fxe6 dxe6 $14)) 39... Ne6 $11 {[%emt 0:00:24] And now ...Qd2 would win. The position is equal.} 40. Nxh6+ Kf8 41. Nf5 g6 42. Qh4 gxf5 43. exf5 Qd4 $1 (43... Nxf4 44. Qh8#) 44. Re1 {[%emt 0:02:15] Dodges Rb1} Ke8 45. fxe6 fxe6 {[%emt 0:00:01][%mdl 4096] Endgame. KQR-KQR} 46. Qg5 {[%emt 0:00:36] Qg8+ would now be deadly.} Rb5 47. f5 {[%emt 0:11:47] Strongly threatening Qg8+.} Qf2 48. Qg8+ Ke7 49. Qg7+ Kd8 50. Rd1 Rd5 51. Qg5+ Kc8 52. Rxd5 cxd5 53. f6 d4 54. Qg8+ Kb7 $1 55. f7 {[%emt 0:04:35] Weighted Error Value: White=0.11 (very precise) /Black=0.13 (very precise) .  Missed win:     	White=1     	---        Mistake:       	White=1     	Black=4      Inaccurate:     	White=3     	Black=3      OK:         	White=16    	Black=27     Best:        	White=5     	---        Strong:       	---       	Black=2} 1/2-1/2

[Event "3rd Sunway Formentera-A 2024"]
[Site "Formentera"]
[Date "2024.04.11"]
[Round "3.11"]
[White "Tsatsalashvili, Keti"]
[Black "Maisuradze, Nino"]
[Result "1-0"]
[ECO "D40"]
[WhiteElo "2315"]
[BlackElo "2191"]
[Annotator "TA RC"]
[PlyCount "127"]
[EventDate "2024.04.03"]
[EventType "swiss"]
[EventCountry "ESP"]
[SourceTitle "playchess.com"]
[Source "ChessBase"]
[SourceQuality "1"]
[TimeControl "40/5400+30:1800+30"]

1. d4 Nf6 2. c4 e6 3. Nf3 c5 4. e3 d5 5. Nc3 Nc6 6. a3 dxc4 7. Bxc4 Be7 8. O-O O-O 9. dxc5 Qxd1 10. Rxd1 Bxc5 11. b4 Be7 12. Bb2 a6 13. e4 Nd7 14. Rd2 Nde5 15. Nxe5 {[%emt 0:01:59] White is slightly better.} Nxe5 16. Bb3 Bg5 17. Rdd1 Nc6 18. Na4 b5 19. Nc5 Rd8 20. g3 a5 21. Bc3 Rxd1+ 22. Rxd1 Be7 23. Rc1 axb4 24. axb4 Kf8 25. Bd2 Nd4 26. Bd1 {[%emt 0:00:21] Prevents Nf3+} e5 27. Be3 Ne6 28. Be2 Rb8 29. Nd3 f6 30. Bg4 {[%emt 0:02:01][%cal Oc1c8] Black must now prevent Rxc8+!} Kf7 31. Bd1 Bb7 32. f3 Rd8 33. Nc5 Nxc5 34. bxc5 Rd3 35. Kf2 Bc6 36. Ke2 Ra3 37. h4 Ra2+ 38. Bd2 {[%emt 0:00:32] And now Bb3+ would win.} Ke8 39. Bb3 Ra6 (39... Rb2 $11 40. Bg8 g6) 40. Bb4 Ra8 41. Rd1 h6 42. Ke3 {[%emt 0:01:31] White is more active.} Rd8 43. Bd5 Rc8 44. Rc1 Kd7 45. f4 exf4+ (45... Ra8 $11) 46. gxf4 ({White should play} 46. Kxf4 $16 g6 47. Bf7 g5+ 48. Kf5) 46... f5 $11 47. Rd1 fxe4 48. Bxe4+ Ke6 {[%emt 0:01:07] [#]} (48... Kc7 $11 {remains equal.}) 49. Bg6 $1 $16 {[%emt 0:05:53] Intending f5+ and mate.} Bxh4 {[%emt 0:07:37] [#]} (49... Rf8 $16) 50. Rd6+ $1 $18 Ke7 51. Bf5 {[%emt 0:00:47][%mdl 1024] White has strong compensation.} Rf8 52. Be6 Be8 {[%emt 0:06:55] Loses the game.} ({Don't go for} 52... Rf6 $2 53. f5 (53. Rxc6 $2 Rxe6+ 54. Rxe6+ Kxe6 $19) 53... Bg5+ 54. Kd4 $18) (52... Bf2+ $16 53. Kxf2 Rxf4+ 54. Kg3 Rxb4) 53. f5 {[%emt 0:03:50] Threatens to win with c6.} Kf6 54. c6 Bxc6 55. Rxc6 Re8 56. Bc3+ (56. Kf3 $142 Rd8 57. Bd5+ Kxf5 58. Be4+ Ke5 59. Bc3+ Rd4 60. Rc5+ (60. Bxd4+ Kxd4 61. Bc2 g5 $18) 60... Ke6 61. Bxd4) 56... Kg5 57. Bxg7 {[%emt 0:00:10] Rc2 is the strong threat.} Ra8 58. Bd4 Ra3+ 59. Ke4 {[%emt 0:00:11] White mates.} Ra4 60. Rc2 Bg3 61. Rg2 Kh4 62. f6 Ra6 63. Kf5 b4 64. Be5 {[%emt 0:00:46] Weighted Error Value: White=0.14 (very precise) /Black=0.33.  Loses game:     	---       	Black=2      Mistake:       	White=1     	Black=4      Inaccurate:     	White=6     	Black=5      OK:         	White=6     	Black=21     Best:        	White=1     	---        Strong:       	White=2     	---} 1-0

[Event "3rd Sunway Formentera-A 2024"]
[Site "Formentera"]
[Date "2024.04.11"]
[Round "3.12"]
[White "Raja Rithvik R"]
[Black "Song, Yuxin"]
[Result "1/2-1/2"]
[ECO "D35"]
[WhiteElo "2532"]
[BlackElo "2379"]
[Annotator "TA"]
[PlyCount "74"]
[EventDate "2024.04.03"]
[EventType "swiss"]
[EventCountry "ESP"]
[SourceTitle "playchess.com"]
[Source "ChessBase"]
[SourceQuality "1"]
[TimeControl "40/5400+30:1800+30"]

1. d4 Nf6 2. c4 e6 3. Nf3 d5 4. cxd5 exd5 5. Nc3 c6 6. Bf4 Bd6 7. Bxd6 Qxd6 8. e3 Bf5 9. Nh4 Bg4 10. Qb3 Qe7 11. h3 Be6 12. Bd3 Ne4 13. Nf3 Nd6 14. Qc2 Nd7 15. O-O (15. Bxh7 $2 {is the wrong capture.} g6 16. Bxg6 fxg6 17. Qxg6+ Nf7 $19 (17... Bf7 18. Qg5 $17)) 15... Qf6 16. Nd2 (16. Bxh7 $2 {too greedy.} Qh6 (16... g6 $2 17. e4 $19) 17. Rfe1 (17. Bd3 $2 Bxh3 18. g3 g5 $19) 17... Qxh7 $19) 16... h6 17. b4 O-O 18. a4 a5 19. Qb2 b6 20. bxa5 bxa5 (20... Rxa5 $11 21. Qb4 Qe7) 21. Qa3 $14 Bf5 22. Ne2 (22. Bxf5 $14 Nxf5 23. Ne2) 22... Bxd3 $11 23. Qxd3 Nb6 24. Qc3 Nbc4 25. Nxc4 Nxc4 26. Nf4 Rfc8 27. Rfb1 Rab8 28. Nd3 Qg6 29. Rb3 Rxb3 30. Qxb3 Qd6 31. Rb1 Nd2 32. Qb7 Rf8 {[%emt 0:00:04][%cal Od6g6] [#] ...Qg6! would now be deadly.} 33. Rd1 {[%emt 0:04:13][%cal Od3e5] Black must now prevent Ne5!} Rb8 34. Qa7 Nc4 {[%emt 0:00:46] Prevents Ne5} 35. Qc5 Qxc5 {[%emt 0:00:37] The position is equal.} 36. Nxc5 Rb4 37. Rd3 Kf8 {[%emt 0:02:20] Weighted Error Value: White=0.06 (flawless) /Black=0.07 (flawless) .  Mistake:       	White=1     	Black=1      OK:         	White=13    	Black=18     Best:        	White=1     	---} 1/2-1/2

[Event "3rd Sunway Formentera-A 2024"]
[Site "Formentera"]
[Date "2024.04.12"]
[Round "4.1"]
[White "Pranav, V."]
[Black "Donchenko, Alexander"]
[Result "1/2-1/2"]
[ECO "C85"]
[WhiteElo "2604"]
[BlackElo "2633"]
[Annotator "RC"]
[PlyCount "146"]
[EventDate "2024.04.03"]
[EventType "swiss"]
[EventCountry "ESP"]
[SourceTitle "playchess.com"]
[Source "ChessBase"]
[SourceQuality "1"]
[TimeControl "40/5400+30:1800+30"]

1. e4 e5 2. Nf3 Nc6 3. Bb5 a6 4. Ba4 Nf6 5. O-O Be7 6. Bxc6 dxc6 7. d3 Bd6 8. Nbd2 Be6 9. b3 Nd7 10. Bb2 Qe7 11. d4 f6 12. Qe2 O-O-O 13. dxe5 fxe5 14. a3 g5 15. b4 g4 16. Ne1 Nb6 17. Nd3 Qg5 18. f4 exf4 19. Bxh8 f3 20. Qf2 Rxh8 21. e5 fxg2 22. Rfe1 Be7 23. Ne4 Qh6 24. Qe3 Qg7 25. Nf4 Bf5 26. Rad1 Bh4 27. Re2 Qxe5 28. Nxg2 Bd8 29. Rd4 Nd5 30. Qf2 Bg6 31. Nc5 Qg5 32. c4 Nc3 33. Re3 Bf6 34. Ne6 Qf5 35. Qxf5 Bxf5 36. Rf4 Nd1 37. Rxf5 Nxe3 38. Nxe3 Bb2 39. Nc2 Re8 40. Rf8 Rxf8 41. Nxf8 h5 42. Ne6 h4 43. Ned4 Kd7 44. Nf5 Ke6 45. Nfe3 g3 46. hxg3 hxg3 47. Kg2 Ke5 48. Kf3 b5 49. c5 Bc1 50. Ke2 Ke4 51. Nd1 g2 52. Nc3+ Ke5 53. Kf2 Bd2 54. Nb1 Bc1 55. Kxg2 Ke4 56. Kf2 Kd3 57. Ne1+ Kc4 58. Ke2 Bxa3 59. Nxa3+ Kxb4 60. Nac2+ Kxc5 61. Kd3 a5 62. Nf3 a4 63. Ne3 Kb6 64. Ne5 c5 65. Nd5+ Kb7 66. Kc3 c6 67. Ne3 Kc7 68. Nf5 c4 69. Nd4 a3 70. Nexc6 a2 71. Kb2 c3+ 72. Kxa2 c2 73. Nxc2 Kxc6 1/2-1/2

[Event "3rd Sunway Formentera-A 2024"]
[Site "Formentera"]
[Date "2024.04.12"]
[Round "4.2"]
[White "Ivanchuk, Vasyl"]
[Black "Fernandez Guillen, Ernesto J."]
[Result "1-0"]
[ECO "E17"]
[WhiteElo "2611"]
[BlackElo "2474"]
[Annotator "TA"]
[PlyCount "69"]
[EventDate "2024.04.03"]
[EventType "swiss"]
[EventCountry "ESP"]
[SourceTitle "playchess.com"]
[Source "ChessBase"]
[SourceQuality "1"]
[TimeControl "40/5400+30:1800+30"]

1. d4 Nf6 2. c4 e6 3. Nf3 b6 4. g3 Bb7 5. Bg2 d5 6. cxd5 exd5 7. Nc3 Be7 8. Qa4+ c6 9. Ne5 O-O 10. O-O b5 11. Qc2 Nbd7 12. Nd3 b4 (12... Re8 $11 {is superior.}) 13. Na4 $14 Qa5 14. a3 Ba6 15. axb4 (15. Qxc6 $2 Bxd3 16. axb4 (16. exd3 $2 Rac8 $19) 16... Bxb4 $19) 15... Bxd3 16. Qxd3 Bxb4 17. Bf4 Qb5 18. Rfc1 a6 19. Qc2 {[%emt 0:00:00] White is more active.} Rfc8 20. Bh3 c5 21. dxc5 Bxc5 22. Nxc5 Rxc5 23. Qd2 Rxc1+ 24. Rxc1 Nc5 {[%emt 0:01:57] [#] ...Nb3 would now be deadly.} 25. Qe3 Nb3 26. Rc3 d4 27. Qf3 (27. Rxb3 $2 dxe3 28. Rxb5 exf2+ (28... axb5 $2 29. Bxe3 Ra4 30. Bd2 $19) 29. Kxf2 axb5 $19) 27... dxc3 28. Qxa8+ Qe8 29. Qxe8+ ({Not} 29. Qxa6 cxb2 30. Qa2 Nc1 (30... Qxe2 31. Bf1 $16) 31. Qxb2 Nxe2+ (31... Qxe2 $2 {too greedy.} 32. Qb8+ Ne8 33. Bxc1 $18) 32. Kf1 Nxf4 33. gxf4 Nh5 $11) 29... Nxe8 30. bxc3 $18 {[%emt 0:00:02] KBB-KNN} a5 (30... Kf8 $16 {was called for.} 31. Bg2 Ke7) 31. Bd7 Kf8 {[%emt 0:02:11] [#]} (31... Nf6 32. Bc6 Nc5) 32. Be3 {[%emt 0:01:10] White is clearly winning.} Nd6 33. Ba4 Na1 34. Bc5 Ke7 35. Ba3 {[%emt 0:00:12] Weighted Error Value: White=0.04 (flawless) /Black=0.24 (precise) .  Mistake:       	---       	Black=3      Inaccurate:     	---       	Black=3      OK:         	White=10    	Black=7      Best:        	White=2     	Black=1} 1-0

[Event "3rd Sunway Formentera-A 2024"]
[Site "Formentera"]
[Date "2024.04.12"]
[Round "4.3"]
[White "Baklan, Vladimir"]
[Black "Moussard, Jules"]
[Result "0-1"]
[ECO "B51"]
[WhiteElo "2531"]
[BlackElo "2610"]
[Annotator "TA"]
[PlyCount "72"]
[EventDate "2024.04.03"]
[EventType "swiss"]
[EventCountry "ESP"]
[SourceTitle "playchess.com"]
[Source "ChessBase"]
[SourceQuality "1"]
[TimeControl "40/5400+30:1800+30"]

1. e4 c5 2. Nf3 d6 3. Bb5+ Nd7 4. O-O a6 5. Bd3 Ngf6 6. Re1 e6 7. c3 Be7 8. Bc2 {[%emt 0:01:06] White has an edge.} b5 9. d4 Bb7 10. Nbd2 Qc7 11. Nf1 O-O 12. Ng3 Rfc8 13. Bd3 cxd4 14. cxd4 b4 15. Bg5 h6 16. Bf4 Bf8 17. Be3 a5 18. Qe2 a4 19. Nd2 Qa5 20. Nc4 Qd8 21. Nd2 Rc7 22. Rac1 Rac8 23. Rxc7 Rxc7 24. f3 Qc8 25. Qf1 a3 26. bxa3 bxa3 27. Nb3 Nb6 28. Rc1 d5 29. Rxc7 Qxc7 30. Nc5 dxe4 31. fxe4 (31. Ngxe4 $15 Bxe4 32. fxe4) 31... Bxc5 $17 32. dxc5 Nbd7 33. Qc1 Ng4 {[%emt 0:01:11] Black is more active.} 34. Bd2 Nxc5 {[%emt 0:04:37] A dynamic duo of knights.} ({Much less strong is} 34... Qxc5+ 35. Qxc5 Nxc5 36. Bc2 $19) 35. Be2 {[%emt 0:00:07] [#] And now Bb4 would win.} Qd6 36. Qc3 {[%emt 0:02:52] Dodges Nb3} (36. Be1 Qd4+ 37. Kh1 Nf2+ 38. Bxf2 Qxf2 39. Qg1 Qxg1+ (39... Nxe4 $2 40. Qxf2 Nxf2+ 41. Kg1 $19) 40. Kxg1) 36... Nxe4 {[%emt 0:00:27] Weighted Error Value: White=0.38/Black=0.03 (flawless) .  Mistake:       	White=2     	---        Inaccurate:     	White=2     	---        OK:         	White=12    	Black=16     Best:        	---       	Black=1} 0-1

[Event "3rd Sunway Formentera-A 2024"]
[Site "Formentera"]
[Date "2024.04.12"]
[Round "4.4"]
[White "Balakrishnan, Praveen"]
[Black "Dragnev, Valentin"]
[Result "1/2-1/2"]
[ECO "C75"]
[WhiteElo "2500"]
[BlackElo "2571"]
[Annotator "TA"]
[PlyCount "81"]
[EventDate "2024.04.03"]
[EventType "swiss"]
[EventCountry "ESP"]
[SourceTitle "playchess.com"]
[Source "ChessBase"]
[SourceQuality "1"]
[TimeControl "40/5400+30:1800+30"]

1. e4 e5 2. Nf3 Nc6 3. Bb5 a6 4. Ba4 d6 5. c3 Nf6 6. d4 Bd7 7. Nbd2 g6 8. O-O Bg7 9. Re1 O-O {[%emt 0:00:50] White has an edge.} 10. Bc2 exd4 11. cxd4 Nh5 12. d5 Nb4 13. Bb1 {[%emt 0:01:02] [#] a3 is the strong threat.} a5 $1 14. a3 Na6 15. Bc2 Re8 16. Nb3 a4 17. Nbd4 Nc5 18. Bg5 Qb8 19. Qd2 Bg4 20. Rab1 Ra6 21. h3 Bxf3 22. Nxf3 Nf6 23. e5 dxe5 24. Nxe5 ({Much worse is} 24. Rxe5 Rxe5 25. Nxe5 Nfe4 $17) 24... Rd6 25. Qf4 Rf8 (25... b5 $11 {keeps the balance.}) 26. Qc4 $16 {[%emt 0:02:12] [#] Hoping for Bxf6. White is much more active.} (26. Bxa4 $2 {too greedy.} Nxd5 27. Qc4 Nxa4 28. Qxa4 f6 29. Nxg6 (29. Nd7 $2 Qa8 $19) 29... hxg6 $19) 26... b6 27. Bxf6 (27. Nc6 $16 Qa8 28. Ne7+ Kh8 29. Rbd1) 27... Bxf6 $11 28. Bxa4 Nxa4 29. Qxa4 Qa8 {[%emt 0:00:02] Prevents Nc6.} 30. Qxa8 Rxa8 31. Ng4 Rad8 32. Rbc1 R8d7 (32... Bxb2 $11 33. Rxc7 Rxd5) 33. Nxf6+ $14 Rxf6 {[%emt 0:00:02][%mdl 4096] Endgame. KRR-KRR} 34. Re2 Rf5 35. Rec2 (35. d6 $14 cxd6 36. Rc6) 35... Rdxd5 $11 {[%emt 0:01:32] The position is equal.} 36. Rxc7 Rd2 37. R1c2 Rfxf2 38. Rxd2 Rxd2 39. b4 Ra2 40. Rb7 Rxa3 41. Rxb6 {[%emt 0:00:22] Weighted Error Value: White=0.13 (very precise) /Black=0.13 (very precise) .  Mistake:       	White=2     	Black=2      Inaccurate:     	White=4     	Black=3      OK:         	White=17    	Black=15     Best:        	White=1     	Black=3      Strong:       	---       	Black=1} 1/2-1/2

[Event "3rd Sunway Formentera-A 2024"]
[Site "Formentera"]
[Date "2024.04.12"]
[Round "4.5"]
[White "Xiao, Tong(Qd)"]
[Black "Raja Rithvik R"]
[Result "1/2-1/2"]
[ECO "B92"]
[WhiteElo "2484"]
[BlackElo "2532"]
[Annotator "TA"]
[PlyCount "85"]
[EventDate "2024.04.03"]
[EventType "swiss"]
[EventCountry "ESP"]
[SourceTitle "playchess.com"]
[Source "ChessBase"]
[SourceQuality "1"]
[TimeControl "40/5400+30:1800+30"]

1. e4 c5 2. Nf3 d6 3. d4 cxd4 4. Nxd4 Nf6 5. Nc3 a6 6. Be2 e5 7. Nb3 Be7 8. O-O O-O 9. Be3 Be6 10. Qd2 Nbd7 11. a4 Nb6 12. a5 Nc4 13. Bxc4 Bxc4 14. Rfd1 h6 15. f3 Rc8 16. Bb6 Qe8 17. Qe1 Be6 18. Rd2 Nd7 19. Bf2 f5 20. exf5 Bxf5 21. Nd5 Nf6 {[%emt 0:07:03] ...Nxd5 is the strong threat.} (21... Bxc2 $2 22. Rc1 $18) 22. Nxe7+ Qxe7 23. Nd4 Bh7 24. c3 Rce8 25. Nc2 e4 26. f4 e3 $1 27. Nxe3 (27. Bxe3 $2 Bxc2 28. Bf2 Qf7 $19) 27... Ne4 {[%emt 0:00:05][%cal Oe4f2] And now ...Nxf2! would win.} 28. Rd4 Qf7 29. Bg3 Re6 30. f5 Bxf5 31. Nxf5 Qxf5 32. Qf1 Qg5 33. Qd3 Nc5 34. Qc4 (34. h4 $1 $11 Qf5 35. Qxf5 Rxf5 36. Re1 (36. Rxd6 Rxd6 37. Bxd6 Nb3 $11) (36. Bxd6 $2 Nb3 $19)) 34... Qe3+ $15 35. Kh1 Kh8 {[%emt 0:00:35][%cal Oc5b3] Strongly threatening ...Nb3!} (35... Kh7 $5 36. Rf1 (36. Bxd6 $2 Qe1+ 37. Rxe1 Rxe1+) (36. Rxd6 $2 Rxd6 37. Bxd6 Ne4 $19) 36... Nd3 $17) 36. Rxd6 (36. Bxd6 $2 Qe1+ 37. Rxe1 Rxe1+) (36. Rf1 $15 Ref6 (36... Rxf1+ 37. Qxf1 Rf6 38. Rf4 $11) 37. Rg1) 36... Rxd6 $17 37. Bxd6 {[%emt 0:00:02] [#]} Ne4 $1 38. Bg3 {[%emt 0:00:24][%mdl 8192] [#]} (38. Bxf8 Nf2+ 39. Kg1 Nd1+ 40. Kh1 Qe1+) (38. Qxe4 $17 Qxe4 39. Bxf8) 38... Nxg3+ $2 ({Better is} 38... Rf4 $1 $19 39. Qc8+ (39. Bxf4 {gets mated.} Nf2+ 40. Kg1 Nh3+ 41. Kh1 Qg1+ 42. Rxg1 Nf2#) 39... Kh7) 39. hxg3 $11 {[%emt 0:00:01] The position is equal.} Qxg3 40. Rf1 $36 {[%emt 0:00:00][%mdl 2048] Prevents Rf4. White fights for an advantage.} Re8 41. Qf4 Qd3 42. Qf3 Qb5 43. b4 {[%emt 0:00:20] Weighted Error Value: White=0.25 (precise) /Black=0.20 (precise) .  Loses game:     	White=1     	---        Missed win:     	---       	Black=1      Mistake:       	White=2     	---        Inaccurate:     	White=1     	Black=2      OK:         	White=12    	Black=9      Best:        	White=1     	Black=1      Strong:       	---       	Black=2} 1/2-1/2

[Event "3rd Sunway Formentera-A 2024"]
[Site "Formentera"]
[Date "2024.04.12"]
[Round "4.6"]
[White "Prraneeth Vuppala"]
[Black "Adarsh Tripathi"]
[Result "1/2-1/2"]
[ECO "B45"]
[WhiteElo "2499"]
[BlackElo "2304"]
[Annotator "RC"]
[PlyCount "128"]
[EventDate "2024.04.03"]
[EventType "swiss"]
[EventCountry "ESP"]
[SourceTitle "playchess.com"]
[Source "ChessBase"]
[SourceQuality "1"]
[TimeControl "40/5400+30:1800+30"]

1. e4 c5 2. Nf3 e6 3. d4 cxd4 4. Nxd4 Nf6 5. Nc3 Nc6 6. Nxc6 bxc6 7. e5 Nd5 8. Ne4 Qc7 9. f4 Qb6 10. c4 Bb4+ 11. Ke2 f5 12. exf6 Nxf6 13. Be3 Qd8 14. Nd6+ Bxd6 15. Qxd6 Bb7 16. Kd1 Rc8 17. c5 Qa5 18. Bc4 Ba6 19. Bd2 Qa4+ 20. b3 Qa3 21. Bxa6 Qxa6 22. Re1 Kf7 23. Bc3 Rcd8 24. Bxf6 gxf6 25. Kc2 Rhg8 26. g3 Qb7 27. Rad1 f5 28. Re5 a5 29. Rde1 Rde8 30. Qd1 Re7 31. Qe2 Kf6 32. Rxf5+ Kxf5 33. Qe5+ Kg6 34. f5+ Kf7 35. f6 Ke8 36. fxe7 Kxe7 37. Rf1 Kd8 38. Rf7 Kc8 39. Rxh7 Rf8 40. Rh8 Rxh8 41. Qxh8+ Kc7 42. Qc3 Qa8 43. h4 a4 44. h5 axb3+ 45. axb3 Qf8 46. Kb2 Qf2+ 47. Ka3 Qe2 48. h6 Qa6+ 49. Kb2 Qe2+ 50. Qc2 Qe5+ 51. Qc3 Qe2+ 52. Qc2 Qe5+ 53. Ka2 Qxg3 54. h7 Qh4 55. Ka3 Qh5 56. b4 Qh3+ 57. Ka4 Kb7 58. Qg6 Qc3 59. Qb1 Kc7 60. Qb3 Qa1+ 61. Qa3 Qd1+ 62. Ka5 Qe2 63. Qa4 Kb7 64. b5 Qd2+ 1/2-1/2

[Event "3rd Sunway Formentera-A 2024"]
[Site "Formentera"]
[Date "2024.04.12"]
[Round "4.7"]
[White "Valuet, Bertrand"]
[Black "Prado, Alexandra"]
[Result "1-0"]
[ECO "E90"]
[WhiteElo "2281"]
[BlackElo "1839"]
[Annotator "RC"]
[PlyCount "87"]
[EventDate "2024.04.03"]
[EventType "swiss"]
[EventCountry "ESP"]
[SourceTitle "playchess.com"]
[Source "ChessBase"]
[SourceQuality "1"]
[TimeControl "40/5400+30:1800+30"]

1. d4 Nf6 2. c4 g6 3. Nc3 Bg7 4. e4 d6 5. Nf3 O-O 6. h3 e5 7. d5 Nbd7 8. Bd3 a5 9. Be3 Nc5 10. Bc2 b6 11. a3 Qe7 12. O-O Nh5 13. b4 axb4 14. axb4 Rxa1 15. Qxa1 Na6 16. Qa3 f5 17. Re1 f4 18. Bd2 g5 19. Bd3 Nb8 20. Be2 g4 21. hxg4 Bxg4 22. Nh2 Bxe2 23. Nxe2 Nd7 24. Qh3 Nhf6 25. Nc3 Ra8 26. Nb5 Nf8 27. Qb3 Ng6 28. c5 bxc5 29. bxc5 Rb8 30. Qc4 Qd7 31. c6 Qf7 32. Nf3 h6 33. Ba5 Ne8 34. Bxc7 Rxb5 35. Qxb5 Nxc7 36. Qb8+ Kh7 37. Ra1 Ne8 38. Ra7 Ne7 39. Rb7 Bf6 40. Qd8 Kg6 41. c7 Nxc7 42. Qxc7 Qe8 43. Qxd6 Nc8 44. Qc7 1-0